A- WEST
LAKE ELSINORE STORM @ SAN JOSE GIANTS
07/30/2041
 
TOP OF THE 1ST
Lake Elsinore Storm batting - Pitching for San Jose Giants : RHP Juan Rodríguez
Pitching: RHP Juan Rodríguez
Batting: RHB Renaud Cotichini 0-0: Foul Ball, location: 25FF
0-1: Ball
1-1: SINGLE (Line Drive, 4M, EV 93.8 MPH)
Batting: SHB Max Bowers 0-0: Called Strike
Renaud Cotichini steals 2nd base
0-1: Called Strike
0-2: Strikes out swinging
Batting: RHB Rod Roberts 0-0: Called Strike
Renaud Cotichini is caught stealing 3rd base 2-5
0-1: Foul Ball, location: 2F
0-2: DOUBLE (Groundball, 5L, EV 98.1 MPH)
Batting: RHB Juan Sánchez 0-0: Ball
1-0: Ball
2-0: Foul Ball, location: 2F
2-1: Foul Ball, location: 3SF
2-2: Ball
3-2: Base on Balls
Batting: RHB Mike Picot 0-0: Swinging Strike
0-1: Swinging Strike
0-2: Ball
1-2: Fly out, F9 (Flyball, 89D, EV 107.5 MPH)
Top of the 1st over - 0 runs, 2 hits, 0 errors, 2 left on base; Lake Elsinore 0 - San Jose 0
BOTTOM OF THE 1ST
San Jose Giants batting - Pitching for Lake Elsinore Storm : RHP Sean Jones
Pitching: RHP Sean Jones
Batting: LHB Jonah Green 0-0: Ball
1-0: Called Strike
1-1: Called Strike
1-2: Ground out U3 (Groundball, 34, EV 81.9 MPH)
Batting: LHB José Pérez 0-0: Foul Ball, location: 2F
0-1: Ball
1-1: Called Strike
1-2: Ball
2-2: Foul Ball, location: 5SF
2-2: Strikes out swinging, 2-3 out at first.
Batting: LHB Lonnie Farmer 0-0: Swinging Strike
0-1: Ground out 3-1 (Groundball, 34, EV 86.9 MPH)
Bottom of the 1st over - 0 runs, 0 hits, 0 errors, 0 left on base; Lake Elsinore 0 - San Jose 0
TOP OF THE 2ND
Lake Elsinore Storm batting - Pitching for San Jose Giants : RHP Juan Rodríguez
Batting: LHB Charlie Fritz 0-0: Ball
1-0: Foul Ball, location: 2F
1-1: Foul Ball, location: 2F
1-2: Ball
2-2: Ball
3-2: Base on Balls
Batting: RHB Stu Park 0-0: Sac Bunt to 5S - play at first, batter OUT! 5-3
Charlie Fritz to second
Batting: RHB Jorge García 0-0: Ball
1-0: Ball
2-0: Ball
3-0: Called Strike
3-1: Foul Ball, location: 3SF
3-2: Ground out 4-3 (Groundball, 4, EV 90.0 MPH)
Charlie Fritz to third
Batting: RHB Chris Nichols 0-0: Called Strike
0-1: Swinging Strike
0-2: Strikes out looking
Top of the 2nd over - 0 runs, 0 hits, 0 errors, 1 left on base; Lake Elsinore 0 - San Jose 0
BOTTOM OF THE 2ND
San Jose Giants batting - Pitching for Lake Elsinore Storm : RHP Sean Jones
Batting: RHB Jorge Granados 0-0: Ball
1-0: Swinging Strike
1-1: Ball
2-1: Ball
3-1: Base on Balls
Batting: RHB Alfredo Castro 0-0: Sac Bunt to 15 - play at first, batter OUT! 1-3
Jorge Granados to second
Batting: SHB Pat Moon 0-0: Foul Ball, location: 2F
0-1: Ball
1-1: Foul Ball, location: 3F
1-2: Foul Ball, location: 7LSF
1-2: Fly out, F7 (Flyball, 7S, EV 94.4 MPH)
Batting: RHB Netuno Melero 0-0: Ball
1-0: Called Strike
1-1: Foul Ball, location: 3F
1-2: Strikes out looking
Bottom of the 2nd over - 0 runs, 0 hits, 0 errors, 1 left on base; Lake Elsinore 0 - San Jose 0
TOP OF THE 3RD
Lake Elsinore Storm batting - Pitching for San Jose Giants : RHP Juan Rodríguez
Batting: RHB Renaud Cotichini 0-0: Ball
1-0: Foul Ball, location: 3SF
1-1: Foul Ball, location: 5SF
1-2: Fly out, F8 (Flyball, 8LD, EV 91.9 MPH)
Batting: SHB Max Bowers 0-0: Called Strike
0-1: Swinging Strike
0-2: Strikes out looking
Batting: RHB Rod Roberts 0-0: Foul Ball, location: 3DF
0-1: Foul Ball, location: 5F
0-2: Ball
1-2: Foul Ball, location: 2F
1-2: Ball
2-2: Ground out 4-3 (Groundball, 4, EV 105.6 MPH)
Top of the 3rd over - 0 runs, 0 hits, 0 errors, 0 left on base; Lake Elsinore 0 - San Jose 0
BOTTOM OF THE 3RD
San Jose Giants batting - Pitching for Lake Elsinore Storm : RHP Sean Jones
Batting: RHB Ed Smith 0-0: Ball
1-0: Ball
2-0: Swinging Strike
2-1: Ball
3-1: Called Strike
3-2: Foul Ball, location: 3SF
3-2: Fly out, F8 (Flyball, S3, EV 109.4 MPH)
Batting: RHB Walt Smith 0-0: Ball
1-0: Ball
2-0: Ball
3-0: Base on Balls
Batting: LHB Jonah Green 0-0: Ball
1-0: Ball
2-0: Called Strike
2-1: Called Strike
2-2: Strikes out swinging
Batting: LHB José Pérez 0-0: Foul Ball, location: 3F
0-1: Ball
1-1: Called Strike
1-2: Ball
2-2: Ball
3-2: Ground out 4-3 (Groundball, 4, EV 86.3 MPH)
Bottom of the 3rd over - 0 runs, 0 hits, 0 errors, 1 left on base; Lake Elsinore 0 - San Jose 0
TOP OF THE 4TH
Lake Elsinore Storm batting - Pitching for San Jose Giants : RHP Juan Rodríguez
Batting: RHB Juan Sánchez 0-0: Fly out, F6 (Popup, 6D, EV 71.3 MPH)
Batting: RHB Mike Picot 0-0: Foul Ball, location: 7LMF
0-1: Fly out, F5 (Line Drive, 5, EV 65.0 MPH)
Batting: LHB Charlie Fritz 0-0: Swinging Strike
0-1: Fly out, F8 (Flyball, 78M, EV 110.0 MPH)
Top of the 4th over - 0 runs, 0 hits, 0 errors, 0 left on base; Lake Elsinore 0 - San Jose 0
BOTTOM OF THE 4TH
San Jose Giants batting - Pitching for Lake Elsinore Storm : RHP Sean Jones
Batting: LHB Lonnie Farmer 0-0: Ball
1-0: Ball
2-0: Foul Ball, location: 2F
2-1: Foul Ball, location: 2F
2-2: Ball
3-2: Ground out 4-3 (Groundball, 4, EV 87.5 MPH)
Batting: RHB Jorge Granados 0-0: Called Strike
0-1: SINGLE (Line Drive, 34, EV 106.9 MPH)
Batting: RHB Alfredo Castro 0-0: Called Strike
Jorge Granados steals 2nd base
0-1: Ground out 4-3 (Groundball, 4, EV 84.4 MPH)
Jorge Granados to third
Batting: SHB Pat Moon 0-0: Called Strike
0-1: Fly out, F8 (Line Drive, 8RM, EV 95.6 MPH)
Bottom of the 4th over - 0 runs, 1 hit, 0 errors, 1 left on base; Lake Elsinore 0 - San Jose 0
TOP OF THE 5TH
Lake Elsinore Storm batting - Pitching for San Jose Giants : RHP Juan Rodríguez
Batting: RHB Stu Park 0-0: Ball
1-0: Foul Ball, location: 5FF
1-1: Swinging Strike
1-2: Ball
2-2: Ball
3-2: Base on Balls
Batting: RHB Jorge García 0-0: Hit by Pitch
Stu Park to second
Pitching: RHP Raúl Herrera
Batting: RHB Chris Nichols 0-0: Sac Bunt to P - play at third, runner OUT! 1-5
Jorge García to second
Batting: RHB Renaud Cotichini 0-0: TRIPLE (Line Drive, 78XD, EV 100.0 MPH)
Jorge García scores
Chris Nichols scores
Batting: SHB Max Bowers 0-0: Ball
1-0: Ball
2-0: Foul Ball, location: 7LMF
2-1: Foul Ball, location: 7LSF
2-2: Fly out, F7 (Flyball, 7D, EV 102.5 MPH)
Runner from 3rd tags up, SCORES, no throw by LF
Batting: RHB Rod Roberts 0-0: Swinging Strike
0-1: Ball
1-1: Called Strike
1-2: Strikes out swinging
Top of the 5th over - 3 runs, 1 hit, 0 errors, 0 left on base; Lake Elsinore 3 - San Jose 0
BOTTOM OF THE 5TH
San Jose Giants batting - Pitching for Lake Elsinore Storm : RHP Sean Jones
Batting: RHB Netuno Melero 0-0: Foul Ball, location: 9LMF
0-1: Ball
1-1: Called Strike
1-2: SINGLE (Groundball, 5D, EV 105.6 MPH) (infield hit)
Batting: RHB Ed Smith 0-0: Ball
1-0: Ball
2-0: Foul Ball, location: 2F
2-1: Grounds into double play, 5-4-3 (Groundball, 56, EV 105.6 MPH)
Batting: RHB Walt Smith 0-0: Fly out, F6 (Popup, 4MD, EV 56.3 MPH)
Bottom of the 5th over - 0 runs, 1 hit, 0 errors, 0 left on base; Lake Elsinore 3 - San Jose 0
TOP OF THE 6TH
Lake Elsinore Storm batting - Pitching for San Jose Giants : RHP Raúl Herrera
Batting: RHB Juan Sánchez 0-0: Called Strike
0-1: Ball
1-1: SINGLE (Line Drive, 6D, EV 96.9 MPH)
Batting: RHB Mike Picot 0-0: Sac Bunt to 2L - play at first, batter OUT! 2-3
Juan Sánchez to second
Batting: LHB Charlie Fritz 0-0: Ball
1-0: Called Strike
1-1: Ground out 1-3 (Groundball, P, EV 67.5 MPH)
Batting: RHB Stu Park 0-0: Ball
1-0: Called Strike
1-1: Foul Ball, location: 5FF
1-2: Strikes out swinging
Top of the 6th over - 0 runs, 1 hit, 0 errors, 1 left on base; Lake Elsinore 3 - San Jose 0
BOTTOM OF THE 6TH
San Jose Giants batting - Pitching for Lake Elsinore Storm : RHP Sean Jones
Batting: LHB Jonah Green 0-0: Ball
1-0: Called Strike
1-1: Called Strike
1-2: Ball
2-2: Foul Ball, location: 2F
2-2: Strikes out swinging
Batting: LHB José Pérez 0-0: SINGLE (Line Drive, 8LS, EV 105.6 MPH)
Batting: LHB Lonnie Farmer 0-0: Foul Ball, location: 23FF
0-1: Foul Ball, location: 2F
0-2: Ball
1-2: Ball
2-2: Ball
3-2: Grounds into double play, 4-6-3 (Groundball, 4, EV 77.5 MPH)
Bottom of the 6th over - 0 runs, 1 hit, 0 errors, 0 left on base; Lake Elsinore 3 - San Jose 0
TOP OF THE 7TH
Lake Elsinore Storm batting - Pitching for San Jose Giants : RHP Raúl Herrera
Batting: RHB Jorge García 0-0: Ball
1-0: Swinging Strike
1-1: Ball
2-1: Called Strike
2-2: Strikes out swinging
Batting: RHB Chris Nichols 0-0: Ball
1-0: Called Strike
1-1: Ground out 6-3 (Groundball, 6S, EV 83.1 MPH)
Batting: RHB Renaud Cotichini 0-0: Ball
1-0: Ground out 5-3 (Groundball, 56, EV 68.1 MPH)
Top of the 7th over - 0 runs, 0 hits, 0 errors, 0 left on base; Lake Elsinore 3 - San Jose 0
BOTTOM OF THE 7TH
San Jose Giants batting - Pitching for Lake Elsinore Storm : RHP Sean Jones
Pitching: RHP Wes Price
Batting: RHB Jorge Granados 0-0: Called Strike
0-1: Hit by Pitch
Batting: RHB Alfredo Castro 0-0: Ball
Jorge Granados steals 2nd base
1-0: SINGLE (Groundball, 56S, EV 68.8 MPH) (infield hit)
Jorge Granados to third
Batting: SHB Pat Moon 0-0: Called Strike
0-1: Ball
1-1: Ball
2-1: Called Strike
2-2: Foul Ball, location: 2F
2-2: Ball
3-2: SINGLE (Groundball, 13, EV 87.5 MPH) (infield hit)
Jorge Granados scores
Alfredo Castro to second
Pinch Hitting: RHB Calvin Flannery 0-0: Ball
Alfredo Castro is caught stealing 3rd base 2-5
Pat Moon to second
1-0: Ball
2-0: Ball
Wild Pitch!
Pat Moon to third
3-0: Called Strike
3-1: Foul Ball, location: 7LDF
3-2: Base on Balls
Batting: RHB Ed Smith 0-0: Called Strike
0-1: Ball
1-1: Fielders Choice at home, 5-2 (Groundball, 56, EV 81.3 MPH)
Calvin Flannery to second
Pinch Hitting: SHB Luis Rodríguez 0-0: Called Strike
0-1: Swinging Strike
0-2: SINGLE (Groundball, 4MD, EV 94.4 MPH)
Calvin Flannery to third
Ed Smith to second
Runner from 3rd tries for Home, SAFE, throw by CF to home
Pitching: LHP R.J. Shopland
Pinch Hitting: RHB Ron Diaz 0-0: Swinging Strike
0-1: Ball
1-1: Ball
2-1: Ball
3-1: Foul Ball, location: 2F
3-2: Foul Ball, location: 2F
3-2: Fly out, F9 (Flyball, 89M, EV 80.0 MPH)
Bottom of the 7th over - 2 runs, 3 hits, 0 errors, 2 left on base; Lake Elsinore 3 - San Jose 2
TOP OF THE 8TH
Lake Elsinore Storm batting - Pitching for San Jose Giants : RHP Raúl Herrera
Now at 1B: Ron Diaz
Now at SS: Alfredo Castro
Now in CF: Bob Corbitt
Now in RF: Calvin Flannery
Batting: SHB Max Bowers 0-0: Foul Ball, location: 2F
0-1: Ball
1-1: Ball
2-1: Ground out 5-3 (Groundball, 56S, EV 68.1 MPH)
Batting: RHB Rod Roberts 0-0: Foul Ball, location: 2LF
0-1: Swinging Strike
0-2: Ball
1-2: Ball
2-2: Ball
3-2: Foul Ball, location: 5F
3-2: Fly out, F9 (Line Drive, 89M, EV 93.1 MPH)
Batting: RHB Juan Sánchez 0-0: Foul Ball, location: 25F
0-1: Called Strike
0-2: Ball
1-2: Foul Ball, location: 9LDF
1-2: Strikes out looking
Top of the 8th over - 0 runs, 0 hits, 0 errors, 0 left on base; Lake Elsinore 3 - San Jose 2
BOTTOM OF THE 8TH
San Jose Giants batting - Pitching for Lake Elsinore Storm : LHP R.J. Shopland
Batting: LHB José Pérez 0-0: Called Strike
0-1: Swinging Strike
0-2: Ball
1-2: Ball
2-2: Foul Ball, location: 7LDF
2-2: SINGLE (Flyball, 7, EV 86.3 MPH)
Pinch Hitting: RHB Toshikasu Kyubei 0-0: SINGLE (Groundball, 34S, EV 81.9 MPH)
José Pérez to second
Batting: RHB Jorge Granados 0-0: Swinging Strike
0-1: DOUBLE (Groundball, 3L, EV 105.0 MPH)
José Pérez scores
Toshikasu Kyubei to third
Batting: RHB Alfredo Castro 0-0: Ball
1-0: Called Strike
1-1: Foul Ball, location: 25FF
1-2: SINGLE (Groundball, 6D, EV 103.8 MPH)
Toshikasu Kyubei scores
Jorge Granados to third
Batting: SHB Pat Moon 0-0: Ball
1-0: Called Strike
1-1: Ball
2-1: SINGLE (Groundball, 56, EV 81.9 MPH)
Jorge Granados scores
Alfredo Castro to second
Pitching: RHP Jerry Myers
Batting: RHB Calvin Flannery 0-0: Called Strike
0-1: Ball
1-1: Fly out, F6 (Popup, 6MS, EV 81.9 MPH)
Batting: RHB Ed Smith 0-0: Called Strike
0-1: Swinging Strike
0-2: Ball
1-2: Strikes out looking
Batting: LHB Bob Corbitt 0-0: Called Strike
0-1: Foul Ball, location: 2F
0-2: Strikes out swinging
Bottom of the 8th over - 3 runs, 5 hits, 0 errors, 2 left on base; Lake Elsinore 3 - San Jose 5
TOP OF THE 9TH
Lake Elsinore Storm batting - Pitching for San Jose Giants : RHP Raúl Herrera
Pitching: LHP Kevin Simpson
Now in LF: Jeff Law
Pinch Hitting: RHB Juan Guzmán 0-0: Called Strike
0-1: Ball
1-1: Foul Ball, location: 3SF
1-2: Foul Ball, location: 2F
1-2: Ball
2-2: Ball
3-2: Foul Ball, location: 2F
3-2: Fly out, F7 (Line Drive, 7S, EV 104.4 MPH)
Pinch Hitting: RHB Dave Gunther 0-0: Ball
1-0: Ball
2-0: Called Strike
2-1: Ground out 6-3 (Groundball, 6, EV 83.8 MPH)
Batting: RHB Randy Lang 0-0: Ball
1-0: Ball
2-0: Ball
3-0: Base on Balls
Pinch Hitting: RHB Tony Harris 0-0: Foul Ball, location: 5F
0-1: Foul Ball, location: 3F
0-2: Ball
1-2: Foul Ball, location: 9LDF
1-2: Foul Ball, location: 9LSF
1-2: Strikes out swinging
Top of the 9th over - 0 runs, 0 hits, 0 errors, 1 left on base; Lake Elsinore 3 - San Jose 5
Monday, April 1st , 2024 - OOTP Baseball 24.10 Build 82